[Event "December 19 Late 2023"]
[Site "https://www.chess.com"]
[Date "2023.12.19"]
[Round "10"]
[White "Lopusiewicz, Piotr"]
[Black "Asish Panda"]
[Result "1/2-1/2"]
[Board "62"]
[TimeControl "180+1"]
[WhiteFideId "1116029"]
[BlackFideId "45012458"]
[WhiteElo "2286"]
[BlackElo "1767"]
[WhiteTeam "POL"]
[BlackTeam "IND"]
[WhiteClock "0:00:10"]
[BlackClock "0:00:58"]

1. d4 d5 2. c4 e6 3. Nf3 Nf6 4. Nc3 Be7 5. g3 O-O 6. Bg2 b6 7. cxd5 exd5 8. O-O Bb7 9. Bf4 a6 10. Rc1 Nbd7 11. Ne5 c5 12. e3 Re8 13. h4 cxd4 14. exd4 Nf8 15. Qb3 Ne6 16. Be3 b5 17. Ne2 Bd6 18. Rfd1 Bxe5 19. dxe5 Ng4 20. Bxd5 Nxe3 21. Bxb7 Nxd1 22. Rxd1 Qc7 23. Bxa8 Rxa8 24. Rd6 Qc5 25. Qd5 Qxd5 26. Rxd5 Rc8 27. Rd2 h6 28. f4 g6 29. Kf2 h5 30. a3 a5 31. Nc3 b4 32. axb4 axb4 33. Nd5 Rc4 34. Ke3 Nc5 35. Nf6+ Kg7 36. Rd8 Rc2 37. Rc8 b3 38. Rg8+ Kh6 39. Rh8+ Kg7 40. Rg8+ Kh6 41. Rh8+ Kg7 42. Rh7+ Kf8 43. Rh8+ Kg7 1/2-1/2

[Event "December 19 Late 2023"]
[Site "https://www.chess.com"]
[Date "2023.12.19"]
[Round "10"]
[White "Nunez V, Gustavo Eduardo"]
[Black "Lin, Bryan Enming"]
[Result "0-1"]
[Board "63"]
[TimeControl "180+1"]
[WhiteFideId "4403690"]
[BlackFideId "30987121"]
[WhiteElo "2167"]
[BlackElo "2555"]
[WhiteTeam "COL"]
[BlackTeam "USA"]
[WhiteClock "0:00:00"]
[BlackClock "0:00:05"]

1. e4 e5 2. Nf3 Nc6 3. d4 exd4 4. Nxd4 Bb4+ 5. c3 Bc5 6. Be3 Bb6 7. Nf5 d5 8. Bxb6 Bxf5 9. Qxd5 Qxd5 10. exd5 axb6 11. dxc6 bxc6 12. Bc4 Nf6 13. O-O O-O 14. Nd2 Rfd8 15. Nf3 Bd3 16. Bxd3 Rxd3 17. Rfd1 Rxa2 18. h3 Rxd1+ 19. Rxd1 Kf8 20. Rd2 h6 21. Ne5 c5 22. Nc6 g5 23. f3 Kg7 24. Kf2 Ra8 25. Ke3 Re8+ 26. Kf2 Nh5 27. g3 Nf6 28. b4 Re6 29. b5 h5 30. c4 g4 31. hxg4 hxg4 32. Nd8 Re8 33. Nc6 gxf3 34. Kxf3 Re4 35. Rc2 Re1 36. Ra2 Rf1+ 37. Ke2 Rc1 38. Ne5 Ne8 39. Ra8 Nd6 40. Kd2 Rg1 41. Ra7 Ne8 42. Ra8 Kf8 43. g4 Rg3 44. Ke2 f6 45. Kf2 Rc3 46. Nf3 Rxc4 47. Kg3 Rb4 48. Nh4 Rxb5 49. Nf5 Rb4 50. Kh4 Rf4 51. Kh5 Kf7 52. Rd8 c4 53. Rd7+ Kf8 54. Nh6 Nd6 55. Kg6 Ke8 56. Rxc7 b5 57. Kh7 Kd8 0-1

[Event "December 19 Late 2023"]
[Site "https://www.chess.com"]
[Date "2023.12.19"]
[Round "10"]
[White "Womacka, Mathias"]
[Black "Tifferet, Shakked"]
[Result "1/2-1/2"]
[Board "64"]
[TimeControl "180+1"]
[WhiteFideId "4611390"]
[BlackFideId "2811529"]
[WhiteElo "2376"]
[BlackElo "2142"]
[WhiteTeam "GER"]
[BlackTeam "ISR"]
[WhiteClock "0:00:04"]
[BlackClock "0:00:08"]

1. e4 c5 2. Nf3 d6 3. d4 cxd4 4. Nxd4 Nf6 5. Nc3 e5 6. Bb5+ Nbd7 7. Nf5 a6 8. Bxd7+ Qxd7 9. Ne3 Qc6 10. Ned5 Nxd5 11. Nxd5 Be6 12. Be3 Rc8 13. O-O Bxd5 14. exd5 Qd7 15. f4 e4 16. f5 Be7 17. Bd4 O-O 18. Qg4 f6 19. Qxe4 Rfe8 20. Qd3 Bd8 21. Rae1 Ba5 22. Re6 Qc7 23. c3 Bb6 24. Rfe1 Bxd4+ 25. Qxd4 Rxe6 26. dxe6 Kf8 27. e7+ Ke8 28. Qh4 Qc5+ 29. Kh1 Qxf5 30. Qg3 Kf7 31. Qxd6 Re8 32. h3 h5 33. c4 h4 34. b4 g5 35. c5 g4 36. hxg4 Qf2 37. Qd5+ Kg7 38. Qe6 h3 39. gxh3 Rh8 40. Qe3 Rxh3+ 41. Qxh3 Qxe1+ 42. Kh2 Qxe7 43. Qf3 Qe5+ 44. Kh3 Qb2 45. Qxb7+ Kg6 46. Qc8 Qxb4 47. Qg8+ Kh6 48. Qh8+ Kg6 49. Qg8+ Kh6 50. Qh8+ Kg6 51. Qg8+ 1/2-1/2

[Event "December 19 Late 2023"]
[Site "https://www.chess.com"]
[Date "2023.12.19"]
[Round "10"]
[White "Kovalevsky, Stanislav"]
[Black "Tao, Sihan"]
[Result "1-0"]
[Board "65"]
[TimeControl "180+1"]
[WhiteFideId "13508598"]
[BlackFideId "30982677"]
[WhiteElo "2043"]
[BlackElo "1943"]
[WhiteTeam "FID"]
[BlackTeam "USA"]
[WhiteClock "0:00:09"]
[BlackClock "0:00:31"]

1. e4 c5 2. c3 Nf6 3. e5 Nd5 4. Nf3 d6 5. Bb5+ Bd7 6. Bc4 e6 7. O-O Nc6 8. d4 cxd4 9. Bxd5 exd5 10. Bf4 dxe5 11. Bxe5 Be7 12. Bxd4 Nxd4 13. Qxd4 O-O 14. Qxd5 Bc6 15. Qxd8 Raxd8 16. Nd4 Bf6 17. Nxc6 bxc6 18. Na3 Rd2 19. Nc4 Re2 20. Rfe1 Rfe8 21. Kf1 R2e4 22. f3 Rxe1+ 23. Rxe1 Rb8 24. Rd1 Bd8 25. Rd7 Bb6 26. Ke2 Kf8 27. Nd6 Rd8 28. Rxd8+ Bxd8 29. Ne4 Ke7 30. Kd3 Bb6 31. b4 f5 32. Nd2 Bg1 33. h3 Ke6 34. Nb3 g6 35. Nd4+ Kd5 36. c4+ Kd6 37. Ne2 Bf2 38. g4 Be1 39. a3 fxg4 40. fxg4 Bh4 41. Ke4 Bf6 42. Nd4 a6 43. a4 c5 44. Nc2 cxb4 45. Nxb4 Kc5 46. Nxa6+ Kxc4 47. Nc7 Bd8 48. Ne6 Ba5 49. Kf4 Bd2+ 50. Ke5 h5 51. g5 Bc3+ 52. Kd6 Kd3 53. Ke7 Ke4 54. Kf7 Kf5 55. h4 Be1 56. Ng7+ Kg4 57. Kxg6 Bxh4 58. a5 Bxg5 59. a6 Be3 60. Nxh5 Ba7 61. Ng7 Kf4 62. Kf6 Bd4+ 63. Ke6 Ke4 64. Kd6 Be5+ 65. Kc6 Bd4 66. Ne6 Ba7 67. Nc7 Ke5 68. Nb5 Be3 69. Nd6 Ke6 70. Nc8 Ba7 71. Nxa7 1-0

[Event "December 19 Late 2023"]
[Site "https://www.chess.com"]
[Date "2023.12.19"]
[Round "10"]
[White "Rodgers, Jack"]
[Black "Crispin Ferreras, Darvi Abraham"]
[Result "1-0"]
[Board "66"]
[TimeControl "180+1"]
[WhiteFideId "3220885"]
[BlackFideId "6402771"]
[WhiteElo "2107"]
[BlackElo "2149"]
[WhiteTeam "AUS"]
[BlackTeam "DOM"]
[WhiteClock "0:00:04"]
[BlackClock "0:00:00"]

1. d4 Nf6 2. Bg5 e6 3. e4 Be7 4. e5 Nd5 5. Bxe7 Qxe7 6. c4 Nb6 7. Nc3 d6 8. exd6 cxd6 9. Nf3 O-O 10. Bd3 N8d7 11. O-O Nf6 12. Re1 a6 13. Qe2 Qc7 14. Rac1 Bd7 15. b4 Rac8 16. Ne4 Nxe4 17. Qxe4 g6 18. Qh4 Kg7 19. Ng5 h6 20. Ne4 f5 21. Ng3 Qd8 22. Qf4 Qc7 23. h4 Rce8 24. a3 e5 25. dxe5 dxe5 26. Qd2 e4 27. c5 Nd5 28. Bxe4 fxe4 29. Qxd5 Bc6 30. Qd4+ Qe5 31. Qxe5+ Rxe5 32. Re3 h5 33. Rce1 Rf4 34. Ne2 Rxh4 35. Nd4 Rf4 36. g3 Rg4 37. Nxc6 bxc6 38. Kg2 Kf6 39. f4 exf3+ 40. Rxf3+ Ke6 41. Rd1 Re2+ 42. Rf2 Re3 43. Rd6+ Ke7 44. Rf3 Re2+ 45. Kf1 Rge4 46. Rxg6 Ra2 47. Rg7+ Ke6 48. Rg6+ Kd5 49. Rd6+ Kc4 50. Rf4 Rxf4+ 51. gxf4 Rxa3 52. Ke2 Kxb4 53. Rxc6 Kb5 54. Rh6 Kxc5 55. Rxh5+ Kd4 56. f5 Ke4 57. f6 Ra2+ 58. Kf1 Kf3 59. Rf5+ Kg4 60. f7 Kxf5 61. f8=Q+ Ke4 62. Qb4+ Ke5 63. Qc3+ Kd6 64. Qd4+ Ke7 65. Qe5+ Kf8 66. Qd6+ Kg7 67. Qg3+ Kf8 68. Qf4+ Kg7 69. Ke1 a5 70. Kd1 a4 71. Qc4 Rg2 72. Qd4+ Kh6 73. Qxa4 Rg5 74. Qh4+ Rh5 75. Qf6+ Kh7 76. Ke2 Rh6 77. Qf7+ Kh8 78. Kf3 Rg6 79. Qf8+ Kh7 80. Kf4 Rg8 81. Qf7+ Rg7 82. Qh5+ Kg8 83. Ke5 Rf7 84. Ke6 Rg7 85. Qe8+ Kh7 86. Kf6 Rg4 87. Qh5+ 1-0

[Event "December 19 Late 2023"]
[Site "https://www.chess.com"]
[Date "2023.12.19"]
[Round "10"]
[White "D`Arruda, Ricardo D."]
[Black "Obon Temprano, Sergi"]
[Result "1-0"]
[Board "67"]
[TimeControl "180+1"]
[WhiteFideId "100692"]
[BlackFideId "2226545"]
[WhiteElo "2540"]
[BlackElo "2135"]
[WhiteTeam "ARG"]
[BlackTeam "ESP"]
[WhiteClock "0:01:24"]
[BlackClock "0:00:11"]

1. d4 d5 2. Nf3 Nf6 3. c4 c6 4. e3 Bf5 5. Nc3 e6 6. Bd3 Bxd3 7. Qxd3 Nbd7 8. O-O Be7 9. e4 dxe4 10. Nxe4 Nxe4 11. Qxe4 O-O 12. b3 Bf6 13. Bb2 Qc7 14. Rad1 c5 15. Rfe1 Rfd8 16. h3 cxd4 17. Bxd4 Nc5 18. Qe3 Bxd4 19. Nxd4 a6 20. Rd2 Rd7 21. Red1 Rad8 22. Nf3 b6 23. Rd4 a5 24. R1d2 h6 25. g3 Kf8 26. h4 Rxd4 27. Rxd4 Rxd4 28. Qxd4 Qd7 29. Qe5 Qd8 30. Nd4 Kg8 31. Nc6 Qd1+ 32. Kg2 Nd3 33. Qb8+ Kh7 34. Ne7 Ne1+ 35. Kh3 h5 36. Qg8+ Kh6 37. Qh8# 1-0

[Event "December 19 Late 2023"]
[Site "https://www.chess.com"]
[Date "2023.12.19"]
[Round "10"]
[White "Akhayan, Ruben"]
[Black "Silvestre, Christian"]
[Result "1-0"]
[Board "68"]
[TimeControl "180+1"]
[WhiteFideId "204439"]
[BlackFideId "30956269"]
[WhiteElo "2141"]
[BlackElo "2287"]
[WhiteTeam "BEL"]
[BlackTeam "USA"]
[WhiteClock "0:00:04"]
[BlackClock "0:00:12"]

1. e4 c5 2. Nf3 Nc6 3. Nc3 g6 4. Bc4 e6 5. O-O Nge7 6. d4 cxd4 7. Nb5 d5 8. exd5 exd5 9. Bf4 dxc4 10. Nd6+ Kd7 11. Nxf7 Qe8 12. N3e5+ Nxe5 13. Qxd4+ Ke6 14. Ng5+ Kf5 15. Qxe5+ Kg4 16. f3+ Kh4 17. g3+ Kh5 18. g4+ Bxg4 19. fxg4+ Kxg4 20. h3+ Kh5 21. Qxh8 Nf5 22. Qxh7+ Bh6 23. Qf7 Qc6 24. Qe6 Qc5+ 25. Kh1 Nh4 26. Qe2+ Nf3 27. Qxf3+ Kh4 28. Qg4# 1-0

[Event "December 19 Late 2023"]
[Site "https://www.chess.com"]
[Date "2023.12.19"]
[Round "10"]
[White "Rose, Felix"]
[Black "Wu, Derek"]
[Result "0-1"]
[Board "69"]
[TimeControl "180+1"]
[WhiteFideId "5105722"]
[BlackFideId "30914558"]
[WhiteElo "2039"]
[BlackElo "2211"]
[WhiteTeam "MEX"]
[BlackTeam "USA"]
[WhiteClock "0:01:25"]
[BlackClock "0:01:56"]

1. e4 c5 2. Nf3 e6 3. d4 cxd4 4. Nxd4 Nf6 5. Nc3 Nc6 6. Ndb5 Bb4 7. a3 Bxc3+ 8. Nxc3 d5 9. Bd3 dxe4 10. Nxe4 Nxe4 11. Bxe4 Qxd1+ 12. Kxd1 Bd7 13. c3 f5 14. Bb1 O-O-O 15. Kc2 e5 16. Ba2 f4 17. f3 Bf5+ 18. Kb3 Na5+ 19. Ka4 b6 20. b4 Bc2+ 21. Kb5 Nb7 22. Bb2 Nd6+ 23. Ka6 Bd3+ 24. Kxa7 Kc7 25. Bd5 Ra8+ 26. Bxa8 Nb5+ 0-1

[Event "December 19 Late 2023"]
[Site "https://www.chess.com"]
[Date "2023.12.19"]
[Round "10"]
[White "ajian"]
[Black "Aghasiyev, Kamal"]
[Result "0-1"]
[Board "70"]
[TimeControl "180+1"]
[BlackFideId "13402854"]
[WhiteElo "2400"]
[BlackElo "2196"]
[BlackTeam "AZE"]
[WhiteClock "0:00:04"]
[BlackClock "0:01:37"]

1. d4 d5 2. c4 e6 3. Nc3 Nf6 4. cxd5 exd5 5. Bg5 c6 6. Qc2 Nbd7 7. e3 Be7 8. Bd3 h6 9. Bf4 Nh5 10. Bg3 O-O 11. Nge2 Nxg3 12. Nxg3 Nf6 13. O-O Bd6 14. Rab1 a5 15. a3 Ng4 16. Be2 Qh4 17. Bxg4 Bxg4 18. Nce2 Bh5 19. Rbc1 a4 20. h3 Bg6 21. Qd2 Rfe8 22. Rfe1 Qg5 23. Kh2 h5 24. Kg1 h4 25. Nf1 Be4 26. g3 Qf5 27. g4 Qf3 0-1

[Event "December 19 Late 2023"]
[Site "https://www.chess.com"]
[Date "2023.12.19"]
[Round "10"]
[White "Zavgorodniy, Sergiy"]
[Black "Zhukov, Maksim"]
[Result "1-0"]
[Board "71"]
[TimeControl "180+1"]
[WhiteFideId "14110148"]
[BlackFideId "34181790"]
[WhiteElo "2402"]
[BlackElo "1925"]
[WhiteTeam "UKR"]
[BlackTeam "RUS"]
[WhiteClock "0:01:05"]
[BlackClock "0:00:00"]

1. d4 Nf6 2. c4 e6 3. Nf3 d5 4. e3 Bb4+ 5. Nbd2 O-O 6. Bd3 dxc4 7. Bxc4 a6 8. O-O b5 9. Bd3 Bb7 10. Qe2 c5 11. dxc5 Bxc5 12. a3 Nc6 13. b4 Bb6 14. Bb2 Qe7 15. Nb3 Rad8 16. Rac1 h6 17. Nc5 Bxc5 18. Rxc5 Nd5 19. Rfc1 Rc8 20. Bb1 Na7 21. Qc2 g6 22. Qd3 Rxc5 23. Rxc5 Nc6 24. e4 Nf4 25. Qe3 g5 26. h4 e5 27. hxg5 Rd8 28. Bc2 hxg5 29. Nxe5 Nd4 30. Bxd4 Rxd4 31. Nf3 Rxe4 32. Bxe4 Qxe4 33. Rxg5+ Ng6 34. Qxe4 Bxe4 35. Ne5 f6 36. Rxg6+ 1-0

[Event "December 19 Late 2023"]
[Site "https://www.chess.com"]
[Date "2023.12.19"]
[Round "10"]
[White "Smith, Garrett L"]
[Black "Chaika, Vitalii"]
[Result "1-0"]
[Board "72"]
[TimeControl "180+1"]
[WhiteFideId "2024829"]
[BlackFideId "14111802"]
[WhiteElo "2379"]
[BlackElo "2010"]
[WhiteTeam "USA"]
[BlackTeam "UKR"]
[WhiteClock "0:00:46"]
[BlackClock "0:00:14"]

1. e4 d6 2. d4 Nf6 3. Nc3 e5 4. Nf3 Nbd7 5. Bc4 Be7 6. a4 O-O 7. O-O a5 8. Re1 c6 9. h3 exd4 10. Nxd4 Nc5 11. Qf3 Be6 12. Nxe6 fxe6 13. Qg3 d5 14. exd5 exd5 15. Bd3 Bd6 16. Qh4 Nxd3 17. cxd3 Bc5 18. d4 Bb4 19. Bg5 h6 20. Bd2 Bxc3 21. Bxc3 Ne4 22. Qxd8 Raxd8 23. f3 Nd6 24. Bxa5 Ra8 25. Bb4 Rfd8 26. Re7 Nc4 27. b3 Nd6 28. Rae1 Nf5 29. Rxb7 Rab8 30. Rxb8 Rxb8 31. Bc5 Rxb3 32. a5 Rb2 33. a6 Ra2 34. a7 Kf7 35. Rb1 Nh4 36. Rb8 Rxg2+ 37. Kf1 Ra2 38. a8=Q Rxa8 39. Rxa8 1-0

[Event "December 19 Late 2023"]
[Site "https://www.chess.com"]
[Date "2023.12.19"]
[Round "10"]
[White "Skibbe, Willi"]
[Black "Przybylski, Wojciech"]
[Result "1-0"]
[Board "73"]
[TimeControl "180+1"]
[WhiteFideId "4682190"]
[BlackFideId "1117599"]
[WhiteElo "2378"]
[BlackElo "2203"]
[WhiteTeam "GER"]
[BlackTeam "POL"]
[WhiteClock "0:00:10"]
[BlackClock "0:00:01"]

1. e4 e5 2. Nf3 Nc6 3. c3 Nf6 4. d4 exd4 5. e5 Nd5 6. cxd4 Be7 7. Nc3 Nxc3 8. bxc3 d5 9. Bd3 Bg4 10. Qb3 Rb8 11. Be3 Qd7 12. Nd2 h6 13. Nf1 Be6 14. Ng3 O-O 15. O-O f5 16. exf6 Bxf6 17. Rae1 Ne7 18. Bf4 Nc8 19. Bb1 Nd6 20. Bxd6 cxd6 21. Qc2 Rfe8 22. Qh7+ Kf8 23. Nh5 Bg5 24. Bg6 Re7 25. Qh8+ Bg8 26. Bh7 Re6 27. Qxg8+ Ke7 28. Qxg7+ Kd8 29. Qxd7+ Kxd7 30. Bf5 Kc6 31. Rxe6 Bd2 32. g4 Rf8 33. Ng3 b5 34. Rd1 Bf4 35. Rd3 a5 36. Nh5 Bg5 37. Ng7 b4 38. cxb4 axb4 39. Rb3 Rb8 40. Ne8 Kb5 41. Nxd6+ Ka4 42. Re5 Bf4 43. Rxd5 Rd8 44. Nc4 Rxd5 45. Nb6+ Kb5 46. Nxd5 Kc4 47. Ne3+ Kxd4 48. Rxb4+ Kc3 49. Rxf4 Kd2 50. a4 Ke2 51. a5 1-0

[Event "December 19 Late 2023"]
[Site "https://www.chess.com"]
[Date "2023.12.19"]
[Round "10"]
[White "Bold, Andre"]
[Black "Nielsen, Viktor Haarmark"]
[Result "0-1"]
[Board "74"]
[TimeControl "180+1"]
[WhiteFideId "16208471"]
[BlackFideId "1444492"]
[WhiteElo "2110"]
[BlackElo "2315"]
[WhiteTeam "GER"]
[BlackTeam "DEN"]
[WhiteClock "0:00:20"]
[BlackClock "0:00:44"]

1. Nf3 Nf6 2. g3 g6 3. Bg2 Bg7 4. O-O O-O 5. c4 c6 6. Nc3 d5 7. cxd5 cxd5 8. Qb3 Nc6 9. d3 h6 10. Bf4 d4 11. Nb5 Nd5 12. Bd2 Be6 13. Qa4 Nb6 14. Qd1 a6 15. Na3 Nd5 16. Rc1 Rc8 17. Qc2 Ndb4 18. Qb1 Bxa2 19. Qa1 Bd5 20. Nc4 Kh7 21. Qa3 b5 22. Bxb4 Nxb4 23. Qxb4 bxc4 24. dxc4 Ba8 25. b3 e5 26. Nd2 Bxg2 27. Kxg2 f5 28. Ra1 Rf6 29. c5 Rfc6 30. Rfc1 e4 31. Qc4 Qf6 32. b4 h5 33. Nb3 h4 34. Rd1 Rd8 35. Na5 Re6 36. c6 e3 37. f3 d3 38. c7 Rc8 39. Qxd3 Rxc7 40. Rac1 Rxc1 41. Rxc1 Rd6 42. Qxe3 Re6 43. Qd3 Qb2 44. Rc2 Qxb4 45. Nc6 Qe1 46. Nd8 h3+ 47. Kxh3 Qf1+ 48. Kh4 Bf6# 0-1

[Event "December 19 Late 2023"]
[Site "https://www.chess.com"]
[Date "2023.12.19"]
[Round "10"]
[White "Korchynskyi, Mykola"]
[Black "Laskakis, Konstantinos"]
[Result "1-0"]
[Board "75"]
[TimeControl "180+1"]
[WhiteFideId "34138005"]
[BlackFideId "42134374"]
[WhiteElo "2007"]
[BlackElo "2375"]
[WhiteTeam "UKR"]
[BlackTeam "GRE"]
[WhiteClock "0:00:48"]
[BlackClock "0:00:00"]

1. d4 d5 2. c4 e6 3. Nc3 c6 4. cxd5 exd5 5. Bf4 Bd6 6. Bg3 Ne7 7. e3 Nf5 8. Bd3 O-O 9. Qc2 g6 10. Nge2 Re8 11. O-O Nxg3 12. hxg3 Nd7 13. Rfe1 Qg5 14. Rad1 Nf6 15. Nf4 Ng4 16. Be2 Bd7 17. Qb3 Rab8 18. Bxg4 Bxg4 19. Rc1 h5 20. Na4 h4 21. gxh4 Qxh4 22. Nc5 g5 23. g3 Qh6 24. Ng2 Kg7 25. f4 Rh8 26. Kf2 gxf4 27. exf4 b6 28. Nd3 Rbe8 29. Rxc6 Qh2 30. Rxd6 Bh3 31. Qxd5 Rh5 32. Qf3 Rc8 33. Re2 Bxg2 34. Qxg2 Qxg2+ 35. Kxg2 1-0

[Event "December 19 Late 2023"]
[Site "https://www.chess.com"]
[Date "2023.12.19"]
[Round "10"]
[White "Marin Pincheira, Carlos"]
[Black "Ferreira, Vitor Hugo Vieira"]
[Result "1/2-1/2"]
[Board "76"]
[TimeControl "180+1"]
[WhiteFideId "3407543"]
[BlackFideId "2119765"]
[WhiteElo "2080"]
[BlackElo "2123"]
[WhiteTeam "CHI"]
[BlackTeam "BRA"]
[WhiteClock "0:00:31"]
[BlackClock "0:00:15"]

1. d4 d5 2. c4 c6 3. Nf3 Nf6 4. e3 e6 5. Qc2 Nbd7 6. b3 Bd6 7. Bb2 O-O 8. Bd3 Qe7 9. Ne5 c5 10. O-O b6 11. f4 Bb7 12. Nc3 dxc4 13. bxc4 cxd4 14. exd4 g6 15. Nb5 a6 16. Nxd6 Qxd6 17. Rae1 Rac8 18. Qf2 Ne8 19. Nxd7 Qxd7 20. f5 exf5 21. d5 Ng7 22. Qxb6 Nh5 23. Be2 Qc7 24. Qb3 Nf4 25. Rxf4 Qxf4 26. Qxb7 Rb8 27. Qxa6 Rxb2 28. Bf3 Qd2 29. Rd1 Qf2+ 30. Kh1 Rxa2 31. Qf6 Rfa8 32. d6 Qb2 33. Qxb2 Rxb2 34. d7 Rd8 35. c5 Rc2 36. c6 Kf8 37. h4 Ke7 38. Re1+ Kd6 39. Re8 Kc7 40. Re7 Rc1+ 41. Kh2 Rc4 42. Kg3 h5 43. Rxf7 Rxc6 44. Bxc6 Kxc6 45. Kf4 Rxd7 46. Rxd7 Kxd7 47. Kg5 Ke6 48. Kxg6 Ke5 49. Kxh5 Kf4 50. Kg6 Kg4 51. h5 f4 52. h6 Kg3 53. h7 Kxg2 54. h8=Q f3 55. Qf8 f2 56. Qa8+ Kg1 57. Qa7 Kg2 58. Qb7+ Kg1 59. Qb6 Kg2 60. Qc6+ Kg1 61. Qc5 Kg2 62. Qd5+ Kg1 63. Qd4 Kg2 64. Qe4+ Kg1 65. Qe3 Kg2 66. Qe4+ Kg1 67. Qg4+ Kh1 68. Qh3+ Kg1 69. Qg3+ Kh1 70. Qf3+ Kg1 71. Qe3 Kg2 72. Qe2 Kg1 73. Qe3 1/2-1/2

[Event "December 19 Late 2023"]
[Site "https://www.chess.com"]
[Date "2023.12.19"]
[Round "10"]
[White "Soderstrom, Adrian"]
[Black "Chess_Star1234"]
[Result "1-0"]
[Board "77"]
[TimeControl "180+1"]
[WhiteFideId "1745786"]
[WhiteElo "2154"]
[BlackElo "2364"]
[WhiteTeam "SWE"]
[WhiteClock "0:02:09"]
[BlackClock "0:01:08"]

1. e4 e5 2. Nf3 Nc6 3. Bb5 Nf6 4. O-O Nxe4 5. Re1 Nd6 6. Nxe5 Be7 7. Bf1 Nxe5 8. Rxe5 O-O 9. d4 Bf6 10. Bd3 Bxe5 11. dxe5 Ne8 12. Nc3 f5 13. Bc4+ Kh8 14. Qh5 d6 15. Bg5 Nf6 16. exf6 gxf6 17. Bh6 Re8 18. Qf7 Rg8 19. Re1 Rg6 20. Re8+ 1-0

[Event "December 19 Late 2023"]
[Site "https://www.chess.com"]
[Date "2023.12.19"]
[Round "10"]
[White "Ardila, Oscar Humberto"]
[Black "Benedetti, Julio"]
[Result "0-1"]
[Board "78"]
[TimeControl "180+1"]
[WhiteFideId "4404742"]
[BlackFideId "172545"]
[WhiteElo "1915"]
[BlackElo "2299"]
[WhiteTeam "COL"]
[BlackTeam "ARG"]
[WhiteClock "0:00:52"]
[BlackClock "0:00:26"]

1. d4 Nf6 2. c4 c5 3. d5 b5 4. cxb5 a6 5. bxa6 Bxa6 6. Nc3 d6 7. e4 Bxf1 8. Kxf1 Nbd7 9. Nf3 g6 10. g3 Bg7 11. Kg2 O-O 12. a4 Qb6 13. Qc2 Rfb8 14. Re1 Ng4 15. h3 Nge5 16. Nxe5 Nxe5 17. Ra2 c4 18. Be3 Qb4 19. Bd2 Nd3 20. Rb1 Qc5 21. Be3 Qa5 22. Bd2 Nb4 23. Qc1 Nxa2 24. Nxa2 Qxa4 25. Nc3 Qb3 26. f4 Qb6 27. Qe1 Qc5 28. e5 Rb3 29. Qe4 Rab8 30. Be3 Rxb2+ 31. Rxb2 Rxb2+ 32. Kf3 Qb4 33. Ne2 Qe1 34. Bf2 Qh1+ 35. Ke3 Rxe2+ 36. Kxe2 Qxe4+ 0-1

[Event "December 19 Late 2023"]
[Site "https://www.chess.com"]
[Date "2023.12.19"]
[Round "10"]
[White "Hoffmann, Asa"]
[Black "Krzywda, Andrzej"]
[Result "0-1"]
[Board "79"]
[TimeControl "180+1"]
[WhiteFideId "2001470"]
[BlackFideId "1114565"]
[WhiteElo "2117"]
[BlackElo "2130"]
[WhiteTeam "USA"]
[BlackTeam "POL"]
[WhiteClock "0:00:00"]
[BlackClock "0:00:42"]

1. d4 d5 2. Bg5 f6 3. Bf4 c5 4. c3 Nc6 5. Nf3 Bg4 6. Nbd2 e6 7. h3 Bh5 8. g4 Bg6 9. e3 Qb6 10. Qb3 c4 11. Qxb6 axb6 12. a3 b5 13. Rc1 Nge7 14. Bg2 Nc8 15. O-O Nb6 16. Nh4 Bd3 17. Rfe1 Na4 18. e4 dxe4 19. Nxe4 Bxe4 20. Bxe4 g5 21. Bxg5 fxg5 22. Nf3 Be7 23. d5 exd5 24. Bxd5 Nxb2 25. Re6 Nd3 26. Rb1 Nd8 27. Re2 Nf4 28. Re5 Rxa3 29. Rxb5 Ng6 30. Re3 Ra1+ 31. Kh2 Kd7 32. Bxc4 Bd6+ 33. Ne5+ Nxe5 34. Rbxe5 Bxe5+ 35. Rxe5 Nc6 36. Rxg5 Re8 37. Kg2 Re7 38. h4 Rc1 39. Bd5 Rxc3 40. h5 Ne5 41. Rg8 b5 42. g5 Rc5 43. Be4 Nf7 44. Bxh7 Rxg5+ 45. Rxg5 Nxg5 0-1

[Event "December 19 Late 2023"]
[Site "https://www.chess.com"]
[Date "2023.12.19"]
[Round "10"]
[White "Munoz Sanchez, Miguel"]
[Black "Crasyhealer"]
[Result "0-1"]
[Board "80"]
[TimeControl "180+1"]
[WhiteFideId "3600734"]
[WhiteElo "2124"]
[BlackElo "2461"]
[WhiteTeam "ECU"]
[WhiteClock "0:01:11"]
[BlackClock "0:02:30"]

1. e4 e5 2. Nf3 Nc6 3. d4 exd4 4. Bc4 d6 5. Nxd4 Ne5 6. Bb3 Nf6 7. O-O Be7 8. Re1 O-O 9. c3 c5 10. Nf5 Bxf5 11. exf5 c4 12. Bc2 Nc6 13. Nd2 d5 14. Nf3 h6 15. Bf4 Bc5 16. Nd4 Qb6 17. Be3 Bxd4 18. cxd4 Qxb2 19. Rb1 Qxa2 20. Rxb7 Rab8 21. Rc7 Rfc8 22. Bf4 Rxc7 23. Bxc7 Rc8 24. Bf4 Nb4 25. Bb1 Qb3 26. Qd2 c3 27. Qe3 Re8 28. Qxe8+ Nxe8 29. Rxe8+ Kh7 30. Re1 c2 31. Bxc2 Nxc2 0-1

[Event "December 19 Late 2023"]
[Site "https://www.chess.com"]
[Date "2023.12.19"]
[Round "10"]
[White "Gao, Raymond"]
[Black "Melikhov, Evgeny V."]
[Result "0-1"]
[Board "81"]
[TimeControl "180+1"]
[WhiteFideId "2629429"]
[BlackFideId "4122046"]
[WhiteElo "1953"]
[BlackElo "2165"]
[WhiteTeam "CAN"]
[BlackTeam "GRE"]
[WhiteClock "0:00:35"]
[BlackClock "0:01:30"]

1. e4 c5 2. Nf3 d6 3. d4 cxd4 4. Qxd4 Nc6 5. Qe3 e5 6. Bb5 Bd7 7. O-O a6 8. Bc4 Be7 9. Nc3 Nf6 10. Rd1 O-O 11. h3 b5 12. Bb3 Na5 13. Nd5 Nxb3 14. axb3 Nxd5 15. Rxd5 Bc6 16. Rd1 Qc7 17. Nd2 d5 18. exd5 Bxd5 19. Ne4 Bb7 20. c3 Rad8 21. Bd2 f5 22. Ng5 f4 23. Ne6 fxe3 24. Nxc7 Rxd2 25. Rxd2 exd2 26. Rd1 Rd8 27. Ne6 Rd7 28. f4 Be4 29. fxe5 Bc2 30. Rxd2 0-1

[Event "December 19 Late 2023"]
[Site "https://www.chess.com"]
[Date "2023.12.19"]
[Round "10"]
[White "Slavin, Alexey"]
[Black "Mazurkiewicz, Michal"]
[Result "0-1"]
[Board "82"]
[TimeControl "180+1"]
[WhiteFideId "24104388"]
[BlackFideId "1124943"]
[WhiteElo "2264"]
[BlackElo "2103"]
[WhiteTeam "RUS"]
[BlackTeam "POL"]
[WhiteClock "0:00:00"]
[BlackClock "0:00:03"]

1. e4 d6 2. d4 Nf6 3. Nc3 c6 4. Be3 e5 5. Nf3 Qc7 6. h3 b5 7. Bd3 Be7 8. g4 O-O 9. a3 Nbd7 10. g5 Ne8 11. h4 Bb7 12. h5 a5 13. dxe5 dxe5 14. Nh4 Nd6 15. Nf5 Nxf5 16. exf5 Bc5 17. Ne4 Bxe3 18. fxe3 c5 19. Rh4 c4 20. Be2 Nc5 21. Bf3 Nxe4 22. Bxe4 c3 23. b3 Bxe4 24. Rxe4 Rad8 25. Qf3 Rd2 26. f6 g6 27. hxg6 fxg6 28. Rc1 Rfd8 29. Qg3 Qd6 30. Qg4 Rh2 31. Kf1 Rh1+ 32. Kg2 Rxc1 33. f7+ Kxf7 34. Qf3+ Kg8 35. Rg4 Rf8 36. Qb7 Qd2+ 37. Kg3 Rg1+ 38. Kh3 Qxe3+ 39. Kh2 Rxg4 40. Qd5+ Kg7 41. Qxe5+ Qxe5+ 0-1

[Event "December 19 Late 2023"]
[Site "https://www.chess.com"]
[Date "2023.12.19"]
[Round "10"]
[White "Chemin, Justo Reinaldo"]
[Black "Gasparyan, David"]
[Result "0-1"]
[Board "83"]
[TimeControl "180+1"]
[WhiteFideId "2101580"]
[BlackFideId "13311980"]
[WhiteElo "1940"]
[BlackElo "2449"]
[WhiteTeam "BRA"]
[BlackTeam "USA"]
[WhiteClock "0:00:00"]
[BlackClock "0:00:09"]

1. d4 d5 2. c4 e6 3. Nc3 Nf6 4. e3 Be7 5. Nf3 O-O 6. Bd3 dxc4 7. Bxc4 a6 8. a4 Nbd7 9. O-O Rb8 10. e4 c6 11. e5 Nd5 12. Ne4 b5 13. axb5 cxb5 14. Bd3 N7b6 15. Qe2 Nb4 16. Bb1 N6d5 17. Nfg5 g6 18. Qg4 Rb6 19. h4 f5 20. exf6 Nxf6 21. Nxf6+ Bxf6 22. Nxh7 Rf7 23. Qxg6+ Bg7 24. Ng5 Rf6 25. Qh7+ Kf8 26. Nf3 Qd5 27. Bg5 Rf7 28. Bg6 Rbb7 29. Bxf7 Rxf7 30. Ne5 Bb7 31. f3 Bxe5 32. dxe5 Rxh7 33. Bf6 Qc5+ 34. Kh2 Qc2 35. Rac1 Qxb2 36. Rb1 Qd2 37. Rfd1 Qf4+ 38. Kg1 Nd5 39. Rbc1 Nxf6 40. exf6 Qxf6 41. Rd6 Rg7 42. Rcd1 Kg8 43. Rd8+ Kh7 44. R8d3 Bxf3 0-1